 Dungeon Crawl Stone Soup version 0.19.3-4-gbf9329e (console) character file.

338 Grinner the Cudgeler (level 6, 0/67 HPs)
             Began as an Ogre Monk on Jan 30, 2017.
             Slain by Sigmund
             ... wielding a +0 scythe
              (1 damage)
             ... on level 5 of the Dungeon.
             The game lasted 00:06:38 (3305 turns).

Grinner the Cudgeler (Ogre Monk)                    Turns: 3305, Time: 00:06:39

Health: 0/67       AC:  3    Str: 19    XL:     6   Next: 55%
Magic:  6/6        EV: 11    Int:  9    God:
Gold:   116        SH:  0    Dex: 12    Spells: 0 memorised, 5 levels left

rFire  . . .     SeeInvis .     a - +1 flail (pain)
rCold  . . .     Gourm    .     b - +0 robe
rNeg   . . .     Faith    .     (no shield)
rPois  .         Spirit   .     (helmet restricted)
rElec  .         Reflect  .     (no cloak)
rCorr  .         Harm     .     (gloves unavailable)
MR     .....                    (boots unavailable)
Stlth  ++........               (no amulet)
                                (no ring)
                                q - ring of flight

@: very slightly contaminated, hasted (expiring), very quick
A: unfitting armour, tough skin 1
a: Evoke Flight


You were on level 5 of the Dungeon.
You were hungry.

You visited 1 branch of the dungeon, and saw 5 of its levels.

You collected 116 gold pieces.

Inventory:

Hand Weapons
 a - a +1 flail of pain (weapon)
 d - a +0 mace
Armour
 b - a +0 robe (worn)
Jewellery
 q - a ring of flight (left hand)
Wands
 e - a wand of hasting (3/9)
 h - a wand of lightning (0/15)
Scrolls
 f - a scroll of noise {unknown}
 k - 2 scrolls of amnesia {unknown}
 m - a scroll of teleportation
 n - a scroll of remove curse
 p - a scroll of enchant armour
 t - a scroll of enchant weapon
Potions
 o - a potion of flight
Comestibles
 c - 2 bread rations
 g - 2 fruits
 i - a meat ration
 j - a beef jerky
 r - a slice of pizza


   Skills:
 + Level 5.8 Fighting
 * Level 7.1 Maces & Flails
 + Level 4.0 Dodging
 - Level 1.4 Stealth


You had 5 spell levels left.
You didn't know any spells.

Dungeon Overview and Level Annotations

Branches:
Dungeon (5/15)
 Temple: D:4-7

Altars:
Ashenzari
Ru
Sif Muna

Annotations:
D:4 miculber's ghost, amateur DsMo
D:5 Morgon's ghost, novice TrHu; Sigmund


Innate Abilities, Weirdness & Mutations

You are too large for most types of armour.
You have tough skin. (AC +1)


Message History

You are feeling hungry.
As you read the scroll of identify, it crumbles to dust.
t - a scroll of enchant weapon Your extra speed is starting to run out.
You hear some strange, mumbled words.
A puff of flame appears from out of thin air!
The puff of flame hits you!
Okay, then.
Something hits you!
* * * LOW HITPOINT WARNING * * *
Things that are here:
a dire flail of protection; a ring mail; a wand of flame {zapped: 3} You barely miss something.
Morgon's ghost turns its malevolent gaze towards you.
You hit something but do no damage. You sock something! Something hits you!
* * * LOW HITPOINT WARNING * * *
You miss something. You barely miss something. Something hits you.
You die...

#.. #.# #.#
######### #.#
#.......# ##.##
+........ ...
#.......# #.#
#.......# #.#
#.......#####@#
#.........W.{.#
#.......#######
#.%.....#
#.......#
#.......#####
###.....<..(#
####.#.##W#
#@#.#


You could see Morgon's ghost.

Vanquished Creatures
  Edmund (D:5)
  A howler monkey (D:4)
  An orc priest (D:3)
  Terence (D:2)
  An orc wizard (D:3)
  A gnoll (D:1)
  3 adders
  A worm (D:2)
  A leopard gecko (D:2)
  3 orcs
  2 ball pythons
  9 bats
  A giant cockroach (D:4)
  10 hobgoblins
  3 jackals (D:2)
  A quokka (D:3)
  A frilled lizard (D:3)
  7 goblins
  6 kobolds
  11 rats
65 creatures vanquished.

Notes
Turn   | Place    | Note
-------+----------+-------------------------------------------
     0 | D:1      | Grinner the Ogre Monk began the quest for the Orb.
     0 | D:1      | Reached XP level 1. HP: 24/24 MP: 1/1
   131 | D:1      | Reached XP level 2. HP: 31/32 MP: 2/2
   513 | D:1      | Reached XP level 3. HP: 11/40 MP: 3/3
  1524 | D:2      | Reached skill level 5 in Maces & Flails
  1560 | D:2      | Noticed Terence
  1578 | D:2      | Killed Terence
  1578 | D:2      | Reached XP level 4. HP: 20/49 MP: 4/4
  1975 | D:2      | Found a shattered altar of Ashenzari.
  1991 | D:2      | Reached skill level 5 in Fighting
  2112 | D:2      | Found a deep blue altar of Sif Muna.
  2116 | D:2      | Found a sacrificial altar of Ru.
  2279 | D:3      | Reached XP level 5. HP: 23/57 MP: 5/5
  2292 | D:3      | HP: 2/57 [orc wizard/enchanted dagger (1)]
  2296 | D:3      | Reached skill level 6 in Maces & Flails
  3254 | D:4      | Reached XP level 6. HP: 51/66 MP: 6/6
  3257 | D:4      | Noticed miculber's ghost (amateur DsMo)
  3265 | D:5      | Entered Level 5 of the Dungeon
  3265 | D:5      | Noticed Edmund
  3268 | D:5      | Noticed Morgon's ghost (novice TrHu)
  3270 | D:5      | Noticed Sigmund
  3294 | D:5      | Killed Edmund
  3294 | D:5      | Reached skill level 7 in Maces & Flails
  3303 | D:5      | HP: 1/67 [something (17)]
  3305 | D:5      | Slain by Sigmund

Skill      XL: |  1  2  3  4  5  6 |
---------------+-------------------+-----
Dodging        | 3 4 |  4.0
Maces & Flails | 5 6 7 |  7.1
Fighting       | 5 |  5.8
Stealth        | |  1.4

Action                   |  1- 3 |  4- 6 || total
-------------------------+-------+-------++-------
Melee: Mace              |   126 |     7 ||   133
       Flail             |       |   136 ||   136
Evoke: Wand              |       |     2 ||     2
  Use: Potion            |     3 |     6 ||     9
       Scroll            |       |     4 ||     4
 Stab: Sleeping          |     2 |     4 ||     6
       Invisible         |       |     2 ||     2
  Eat: Chunk             |     2 |     6 ||     8
Armor: Robe              |    36 |    34 ||    70
Dodge: Dodged            |    79 |    85 ||   164
